 Dungeon Crawl Stone Soup version 0.31.0-1-g2c135a0 (webtiles) character file.

Game seed: 12020166233050043291

12 JacOB the Apothecary (level 2, -1/19 HPs)
             Began as a Vampire Alchemist on Mar 17, 2024.
             Slain by an orc
             ... wielding a +0 club
              (3 damage)
             ... on level 3 of the Dungeon.
             The game lasted 00:15:19 (356 turns).

JacOB the Apothecary (Vampire Alchemist)             Turns: 356, Time: 00:15:20

Health: -1/19      AC:  5    Str:  7    XL:     2   Next: 20%
Magic:  5/5        EV: 10    Int: 17    God:
Gold:   32         SH:  0    Dex: 14    Spells: 4/5 levels left

rFire   . . .        c - +0 spear
rCold   . . .        (no shield)
rNeg    . . .        g - +0 ring mail
rPois   .            (no helmet)
rElec   .            (no cloak)
rCorr   .            (no gloves)
SInv    +            (no boots)
Will    .....        (no amulet)
Stlth   ++           (no ring)
HPRegen 0.43/turn    (no ring)
MPRegen 0.09/turn

%: no passive effects
@: healing quickly
A: alive, fangs 3, see invisible, vampiric 1
a: Exsanguinate


You were on level 3 of the Dungeon.
You visited 1 branch of the dungeon, and saw 3 of its levels.

You collected 32 gold pieces.

Inventory:

Hand Weapons
 c - a +0 spear (weapon)
Missiles
 d - 3 stones
Armour
 a - a +0 robe
 g - a +0 ring mail (worn)
Scrolls
 h - a scroll of enchant weapon {unknown}
Potions
 b - a potion of magic
 e - a potion of ambrosia {unknown}
 f - 2 potions of heal wounds {unknown}
 i - a potion of curing {unknown}


   Skills:
 + Level 2.3 Dodging
 + Level 3.5 Stealth
 + Level 2.2 Spellcasting
 + Level 0.6 Conjurations
 + Level 3.5 Alchemy


You had 4 spell levels left.
You knew the following spells:

 Your Spells              Type           Power      Damage    Failure   Level
a - Sting                 Conj/Alch      32%        1d5       28%         1

Your spell library contained the following spells:

 Spells                   Type           Power      Damage    Failure   Level
 Mercury Vapours          Alch/Air       14%        N/A       43%         2
 Mephitic Cloud           Conj/Alch/Air  6%         N/A       75%         3
 Olgreb's Toxic Radiance  Alch           14%        N/A       83%         4
 Sticky Flame             Fire/Alch      7%         2d4       97%         4


Dungeon Overview and Level Annotations

Branches:
Dungeon (3/15)

Altars:


Innate Abilities, Weirdness & Mutations

Your natural rate of healing is accelerated.
You have razor-sharp teeth.
You have supernaturally acute eyesight. (SInv)
You are afflicted with vampirism.


Message History

The orc is heavily wounded.
An orc comes into view. It is wielding a +0 club.
The orc hits you but does no damage. The orc barely misses you.
The orc wizard hits you but does no damage.
The orc shouts!
You hit the orc.
The orc is severely wounded.
The orc completely misses you. The orc hits you but does no damage.
The orc wizard casts a spell at you. You resist with significant effort.
You hit the orc.
You kill the orc!
The orc hits you but does no damage.
The orc wizard hits you with a +0 dagger.
The orc closely misses you. The orc wizard barely misses you.
Things that are here:
a +0 hand axe; an orc corpse The orc barely misses you.
The orc wizard closely misses you.
The kobold shouts!
You hit the orc wizard but do no damage.
The orc wizard is lightly wounded.
The orc completely misses you. The orc hits you but does no damage.
The orc wizard gestures at you while chanting.
You resist with significant effort. The orc hits you but does no damage.
The orc attacks as it pursues you! The orc barely misses you.
The orc wizard closely misses you. The orc attacks as it pursues you!
The orc hits you with a +0 club.
* * * LOW HITPOINT WARNING * * *
The orc wizard barely misses you.
You hit the orc but do no damage. The orc barely misses you.
The orc wizard barely misses you. The orc barely misses you.
You barely miss the orc. The orc wizard misses you.
The orc hits you with a +0 club.
* * * LOW HITPOINT WARNING * * *
You hit the orc.
The orc is lightly wounded.
The orc closely misses you.
The orc wizard hits you but does no damage.
The orc hits you with a +0 club.
You die...

### #..
#######.####
#..........# #<#
###.##.# # #.#
#......#.#
##.###......#.#####
#...†.)oo..........
#..###Ko@..........
#......o......#####
#...##.####.###
#...##.# #.#
#...##.# #.#
#....#.####.##
#.............#
#.....#.....#..#
#..#.###.o.###.#


You could see an orc wizard (invisible), 3 orcs and a kobold.

Vanquished Creatures
  An orc (D:3)
  3 ball pythons
  2 endoplasms
  A giant cockroach (D:3)
  A quokka (D:1)
  A bat (D:2)
9 creatures vanquished.

Notes
Turn   | Place    | Note
-------+----------+-------------------------------------------
     0 | D:1      | JacOB the Vampire Alchemist began the quest for the Orb.
     0 | D:1      | Reached XP level 1. HP: 13/13 MP: 3/3
   291 | D:3      | Reached XP level 2. HP: 16/19 MP: 3/5
   356 | D:3      | Slain by an orc

Illustrated notes

Levels and vault maps discovered:
D:1:      lemuel_arrival_behind_the_door_large, layout_basic
D:2:      layout_loops_ring, serial_shops, shop, nrook_mini_vaults,
          uniq_jessica, uniq_sigmund
D:3:      layout_loops_ring, nemelex_spade_bored_becter, basic_ecumenical_altar,
          serial_shops, shop, minmay_strange_pillars

Action                     || total
---------------------------++-------
  Melee: Spear             ||    29
         Unarmed           ||     1
         Bite              ||     2
  Throw: Stone             ||     1
   Cast: Sting             ||    10
   Stab: Sleeping          ||     1
 Armour: Ring mail         ||    29
         Robe              ||     5
  Dodge: Dodged            ||    37
